Map: Beckett Industries LE

Players

Cham

  • Race: Zerg Zerg

SpeCial - Winner!

  • Race: Terran Terran

Event: DreamHack SC2 Masters 2021 Winter

VOD

Have the link to the VOD?

Description

Time

  • Played on: Oct. 3, 2021, 5:03 p.m.
  • Length: 5:35

All games in this series

Show
View Real Time Build Order
Export as new Build Order

Cham Zerg 

Build Orders: Hatch First 

Get SALT Encoding   

  12  0:01  Drone  
  13  0:08  Drone  
  14  0:16  Overlord  
  14  0:35  Drone x2  
  16  0:47  Hatchery  
  15  0:51  Drone  
  15  0:55  Drone  
  17  0:58  Drone  
  18  1:12  Spawning Pool  
  18  1:14  Extractor  
  18  1:17  Drone  
  17  1:20  Drone  
  18  1:29  Drone  
  19  1:40  Drone  
  20  1:59  Queen x2  
  20  2:00  Zergling x4  
  26  2:09  Overlord  
  26  2:11  Drone  
  26  2:15  Metabolic Boost  
  27  2:24  Drone  
  28  2:35  Spore Crawler  
  27  2:39  Drone x2  
  27  2:41  Queen  
  31  2:51  Hatchery  
  31  2:54  Spore Crawler  
  28  3:00  Drone x2  
  28  3:11  Zergling x6  
  30  3:16  Zergling x2  
  30  3:20  Drone  
  30  3:24  Drone  
  32  3:27  Drone  
  32  3:28  Drone  
  32  3:33  Drone  
  35  3:36  Overlord  
  36  3:41  Drone  
  36  3:51  Overlord  
  36  3:56  Drone  
  36  3:57  Drone x2  
  36  3:58  Drone x3  
  42  4:03  Drone x2  
  44  4:12  Roach Warren  
  44  4:15  Drone x3  
  46  4:20  Drone x3  
  48  4:24  Drone x2  
  48  4:27  Extractor  
  48  4:30  Queen  
  51  4:36  Overlord  
  51  4:51  Overlord x2  
  51  4:54  Roach x5  
  61  5:04  Overlord x2  
Show
View Real Time Build Order
Export as new Build Order

SpeCial Terran - Winner!

Build Orders: Hellion Banshee 

Get SALT Encoding   

  12  0:00  SCV  
  13  0:12  SCV  
  14  0:17  Supply Depot  
  14  0:24  SCV  
  15  0:39  SCV  
  15  0:40  Barracks  
  16  0:43  Refinery  
  16  0:51  SCV  
  17  1:02  Barracks  
  17  1:03  SCV  
  18  1:15  SCV  
  19  1:27  Orbital Command  
  19  1:28  Reaper  
  20  1:44  Refinery  
  20  1:49  Reaper  
  20  1:51  Supply Depot  
  22  1:54  SCV  
  22  2:02  Reaper  
  23  2:13  SCV  
  24  2:19  Command Center  
  24  2:25  SCV  
  24  2:29  Factory  
  25  2:39  Reaper  
  25  2:40  SCV  
  27  2:45  Supply Depot  
  27  2:48  Reaper  
  28  2:52  SCV  
  29  3:05  SCV  
  30  3:11  Marine  
  30  3:18  SCV  
  30  3:19  Starport, Factory Reactor  
  31  3:20  Marine  
  32  3:30  SCV  
  32  3:32  Orbital Command  
  33  3:35  Marine  
  33  3:38  Marine  
  35  3:42  SCV  
  35  3:47  Supply Depot  
  36  3:53  Marine  
  36  3:54  SCV  
  38  3:56  Hellion x2, Marine  
  38  3:58  Medivac  
  45  4:07  Armory  
  45  4:08  SCV  
  45  4:09  SCV  
  47  4:12  Marine  
  47  4:14  Marine  
  49  4:21  Hellion x2  
  49  4:23  SCV x2  
  55  4:28  Supply Depot  
  55  4:30  Starport Tech Lab, Marine  
  56  4:42  Hellion x2, SCV x2  
  56  4:43  Barracks Tech Lab  
  62  4:50  Banshee  
  65  4:54  SCV  
  65  4:56  Barracks Reactor  
  66  5:03  Marine  
  66  5:05  SCV  
  68  5:12  Command Center  
  68  5:17  SCV  
  68  5:19  SCV  
  67  5:30  Barracks  

Tags
 
Add a new tag
Caveats
  • Supply blocks, unpowered buildings, or Contaminate may cause inaccurate times.
  • Supply counts are checked every 10 seconds.